cohdb
Replays
Latest Replays
All Replays
Popular Replays
Top Player Replays
Match Explorer
How It Works
Community
CoH3 Stats
Reddit
Sign in to upload your games and track your stats! →
Sign in with Steam
Match 42433359
Unlisted
Match 42433359
Overview
Messages
Build Orders
End
Vickers Machine Gun Team
Construct Section Command Post
Infantry Section
Infantry Section
Grenade Package
Infantry Section
Construct Field Infirmary
Selects Air and Sea Battlegroup
Selects Commando Section Paradrop
Selects M1 Pack Howitzer Paradrop
Construct Platoon Command Post
Commando Section Paradrop
Selects Supply Surplus
Selects UNKNOWN (223837)
BatmansDad
Genki
Ossus
Himanshu
0
0
Comments
sign in to comment!
No comments posted yet!